Map: New Gettysburg LE

Players

Fropez - Winner!

  • Race: Protoss Protoss
  • League: Gold
  • Spawn Location: 7:00

BlackKnight

  • Race: Protoss Protoss
  • League: Silver
  • Spawn Location: 5:00

VOD

Have the link to the VOD?

Description

Time

  • Played on: Sept. 22, 2016, 6:05 p.m.
  • Length: 11:08
Show
View Real Time Build Order
Export as new Build Order

Fropez Protoss - Winner!

Build Orders:  

Get SALT Encoding   

  12  0:01  Probe (Chrono Boost)  
  13  0:15  Pylon  
  13  0:17  Probe (Chrono Boost)  
  14  0:28  Probe (Chrono Boost)  
  15  0:35  Gateway  
  15  0:38  Probe (Chrono Boost)  
  16  0:48  Assimilator  
  16  0:49  Probe (Chrono Boost)  
  17  0:59  Probe (Chrono Boost)  
  18  1:10  Gateway  
  18  1:22  Cybernetics Core  
  18  1:23  Probe (Chrono Boost)  
  19  1:28  Assimilator  
  19  1:34  Probe (Chrono Boost)  
  20  1:44  Probe (Chrono Boost)  
  21  1:49  Pylon  
  21  1:55  Probe (Chrono Boost)  
  21  1:58  Warp Gate (Chrono Boost)  
  21  2:10  Robotics Facility  
  21  2:11  Probe  
  22  2:19  Adept  
  24  2:23  Probe  
  25  2:31  Adept  
  25  2:35  Probe  
  28  2:40  Pylon  
  29  2:57  Mothership Core  
  29  2:58  Warp Prism  
  32  3:18  Probe  
  33  3:31  Probe  
  34  3:43  Probe  
  35  3:51  Gateway  
  35  3:54  Gateway  
  35  3:55  Probe  
  32  4:18  Gateway  
  32  4:19  Observer  
  32  4:20  Gateway  
  32  4:22  Gateway  
  33  4:24  Pylon  
  33  4:27  Pylon  
  33  4:51  Adept x3  
  33  4:52  Adept  
  41  5:10  Nexus  
  41  5:18  Adept x4  
  45  6:02  Adept x3  
  45  6:03  Adept x4  
  53  6:41  Adept  
  53  6:42  Adept x6  
  61  6:52  Probe  
  56  7:02  Assimilator  
  56  7:04  Probe, Assimilator  
  56  7:06  Pylon  
  56  7:08  Pylon  
  57  7:15  Twilight Council  
  57  7:16  Probe  
  44  8:16  Probe  
  44  8:18  Probe  
  44  8:27  Probe  
  44  8:30  Probe  
  44  8:36  Nexus  
  44  8:39  Assimilator  
  44  8:43  Adept x3  
  44  8:44  Assimilator  
  44  8:47  Pylon  
  48  8:49  Pylon  
  48  8:52  Adept  
  48  8:53  Adept x3  
  54  8:57  Blink (Chrono Boost)  
  54  9:05  Probe  
  54  9:06  Probe  
  56  9:15  Adept x6  
  64  9:53  Probe  
  64  9:55  Probe  
  64  9:56  Probe  
  65  10:03  Immortal  
  65  10:04  Probe  
  64  10:21  Adept x5  
  66  10:22  Adept x2  
  72  10:45  Stalker x4  
  72  10:46  Stalker x2  
  84  10:57  Forge  
Show
View Real Time Build Order
Export as new Build Order

BlackKnight Protoss 

Build Orders: 1 Gate Expand 

Get SALT Encoding   

  12  0:01  Probe (Chrono Boost)  
  13  0:12  Probe (Chrono Boost)  
  14  0:23  Pylon  
  14  0:24  Probe (Chrono Boost)  
  15  0:47  Probe (Chrono Boost)  
  16  0:52  Gateway  
  16  0:58  Probe (Chrono Boost)  
  17  1:10  Probe (Chrono Boost)  
  18  1:19  Nexus  
  18  1:21  Probe (Chrono Boost)  
  19  1:33  Pylon  
  19  1:40  Probe (Chrono Boost)  
  20  1:51  Cybernetics Core  
  20  1:55  Assimilator  
  20  1:56  Probe (Chrono Boost)  
  21  2:05  Gateway  
  21  2:12  Gateway  
  21  2:15  Assimilator  
  21  2:16  Probe (Chrono Boost)  
  23  2:30  Probe (Chrono Boost)  
  23  2:40  Probe (Chrono Boost)  
  23  2:43  Warp Gate  
  24  2:47  Probe (Chrono Boost)  
  25  3:07  Probe x2 (Chrono Boost)  
  25  3:10  Gateway  
  25  3:11  Gateway  
  27  3:17  Forge, Probe (Chrono Boost)  
  27  3:18  Mothership Core (Chrono Boost)  
  30  3:21  Adept  
  30  3:26  Adept  
  34  3:32  Adept  
  33  3:52  Probe x2 (Chrono Boost)  
  33  3:54  Protoss Ground Weapons Level 1  
  33  3:57  Adept  
  34  4:04  Probe x2 (Chrono Boost)  
  34  4:16  Probe x2 (Chrono Boost)  
  36  4:22  Assimilator  
  36  4:23  Assimilator  
  36  4:37  Robotics Facility  
  36  4:44  Pylon  
  36  4:47  Pylon  
  36  4:53  Adept x2  
  36  4:57  Adept  
  42  5:02  Adept  
  44  5:07  Adept  
  44  5:11  Probe (Chrono Boost)  
  44  5:13  Probe (Chrono Boost)  
  48  5:26  Observer (Chrono Boost)  
  16  6:46  Stalker  
  14  6:50  Adept x2  
  14  6:51  Probe  
  14  6:52  Probe  
  16  7:01  Probe  
  16  7:04  Probe  
  18  7:12  Probe  
  19  7:16  Probe  
  19  7:22  Probe  
  20  7:28  Probe  
  17  7:33  Probe  
  17  7:40  Probe  
  16  7:55  Probe  
  16  7:56  Probe  
  16  8:08  Probe  
  5  8:51  Probe  
  5  8:52  Probe  
  7  9:01  Probe  
  8  9:29  Pylon  
  3  10:12  Probe  
  3  10:14  Probe  
Tags
 
Matchup
PvP
Replay Pack
All Mines
Spawn Locations
Close Positions
Add a new tag
Caveats
  • Supply blocks, unpowered buildings, or Contaminate may cause inaccurate times.
  • Supply counts are checked every 10 seconds.